 Dungeon Crawl Stone Soup version 0.29-a0-219-g0a02b1cf4f (webtiles) character file.

Game seed: 2882307583422443445

28443 spaghetti the Brawler (level 13, -4/86 HPs)
             Began as a Demonspawn Berserker on Feb 25, 2022.
             Was a High Priest of Trog.
             Killed from afar by an ironbound frostheart (24 damage)
             ... by creeping frost
             ... in an ice cave.
             The game lasted 00:20:09 (16258 turns).

spaghetti the Brawler (Demonspawn Berserker)       Turns: 16258, Time: 00:20:09

Health: -4/86      AC: 30    Str: 29    XL:     13   Next: 9%
Magic:  13/13      EV: 11    Int:  9    God:    Trog [*****.]
Gold:   973        SH:  4    Dex: 12    Spells: 12/12 levels left

rFire   + . .      SeeInvis .     - Unarmed
rCold   . . .      Faith    .   (no shield)
rNeg    + . .      Spirit   .   h - +3 crystal plate armour of Xosix {Drain rF+ rN+ Slay+5, rare=g}
rPois   .          Reflect  .   (no helmet)
rElec   .          Harm     .   C - +2 cloak
rCorr   .          Rampage  .   (no gloves)
Will    .....                   f - +0 pair of boots
Stlth   ..........              k - amulet of the acrobat
HPRegen 0.24/turn               U - +6 ring of strength
MPRegen 0.13/turn               y - +4 ring of evasion

@: on berserk cooldown, slowed, very slow
A: condensation shield, demonic magic 3, demonic touch 1
a: Renounce Religion, Berserk, Trog's Hand, Brothers in Arms


You were in an ice cave.
You worshipped Trog.
Trog was extremely pleased with you.
You visited 1 branch of the dungeon, and saw 13 of its levels.
You also visited: Sewer and Ice Cave.

You collected 973 gold pieces.


Innate Abilities, Weirdness & Mutations

A meltable shield of frost defends you. (SH +4)
Spells you cast and wands you use may paralyse nearby enemies.
Your touch may inflict minor irresistible damage on your foes.


   Skills:
 - Level 3.0 Fighting
 + Level 13.3 Armour
 - Level 1.7 Dodging
 + Level 15.9 Unarmed Combat


You had 12 spell levels left.
You didn't know any spells.
Your spell library contained the following spells:

 Spells                   Type           Power      Damage    Failure   Level
 Beastly Appendage        Tmut           0%         N/A       100%        1
 Ensorcelled Hibernation  Hex/Ice        0%         N/A       100%        2
 Wereblood                Tmut           0%         N/A       100%        2
 Frozen Ramparts          Ice            0%         1d2       100%        3
 Portal Projectile        Hex/Tloc       0%         N/A       100%        3
 Spider Form              Tmut/Pois      0%         N/A       100%        3
 Tukima's Dance           Hex            0%         N/A       100%        3
 Anguish                  Hex/Necr       0%         N/A       100%        4
 Fulminant Prism          Conj/Hex       0%         3d6       100%        4
 Ice Form                 Ice/Tmut       0%         N/A       100%        4
 Iskenderun's Mystic Bla  Conj/Tloc      0%         2d3       100%        4
 Passage of Golubria      Tloc           0%         N/A       100%        4
 Summon Ice Beast         Ice/Summ       0%         N/A       100%        4
 Blade Hands              Tmut           0%         N/A       100%        5
 Excruciating Wounds      Necr           0%         N/A       100%        5
 Lee's Rapid Deconstruct  Erth           0%         3d5*      100%        5
 Summon Mana Viper        Hex/Summ       0%         N/A       100%        5
 Yara's Violent Unravell  Hex/Tmut       0%         3d3       100%        5
 Conjure Ball Lightning   Conj/Air       0%         3x3d6     100%        6
 Monstrous Menagerie      Summ           0%         N/A       100%        7
 Discord                  Hex            0%         N/A       100%        8
 Disjunction              Tloc           0%         N/A       100%        8

Inventory:

Hand Weapons
 a - a +0 shortbow {bow}
   (You found it in a sewer)
Missiles
 b - 641 stones (quivered) {throwing}
 o - 17 poisoned darts {throwing}
 r - 6 boomerangs {throwing}
 v - 2 throwing nets {=f!fthrowing}
 w - 3 silver boomerangs {throwing}
 x - 6 atropa-tipped darts {throwing}
 Z - 3 boomerangs of dispersal {=f!fthrowing}
Armour
 e - a +1 buckler of cold resistance
   (You found it in an ice cave)
 f - a +0 pair of boots (worn)
   (You found it on level 1 of the Dungeon)
 g - a +0 tower shield
   (You found it on level 1 of the Dungeon)
 h - the +3 crystal plate armour of Xosix (worn) {Drain rF+ rN+ Slay+5, rare=g}
   (You acquired it on level 5 of the Dungeon)

   Slay:      It affects your accuracy & damage with ranged weapons and melee
   (+5).
   rF:        It protects you from fire.
   rN:        It protects you from negative energy.
   Drain:     It drains your maximum health when unequipped.
 t - a +0 animal skin
 C - a +2 cloak (worn)
   (You took it off Crazy Yiuf on level 5 of the Dungeon)
 S - the +5 scale mail of Huth {rElec rPois rCorr Int-5}
   (You found it on level 11 of the Dungeon)

   Int:       It affects your intelligence (-5).
   rElec:     It insulates you from electricity.
   rPois:     It protects you from poison.
   rCorr:     It protects you from acid and corrosion.
Jewellery
 k - an amulet of the acrobat (around neck)
   (You found it on level 2 of the Dungeon)
 y - a +4 ring of evasion (right hand)
   (You found it on level 5 of the Dungeon)
 A - an amulet of magic regeneration {@e2}
   (You found it on level 5 of the Dungeon)
 G - a ring of protection from fire
   (You found it on level 3 of the Dungeon)
 L - a ring of positive energy
   (You found it on level 8 of the Dungeon)
 N - a ring of see invisible
   (You found it on level 10 of the Dungeon)
 T - a ring of resist corrosion
   (You found it on level 11 of the Dungeon)
 U - a +6 ring of strength (left hand)
   (You found it on level 12 of the Dungeon)
Wands
 q - a wand of polymorph (11)
   (You found it on level 2 of the Dungeon)
 u - a wand of iceblast (40)
   (You found it on level 5 of the Dungeon)
 B - a wand of flame (16)
   (You found it on level 5 of the Dungeon)
 P - a wand of paralysis (9)
   (You took it off Maggie on level 10 of the Dungeon)
 Y - a wand of acid (7)
   (You found it on level 12 of the Dungeon)
Scrolls
 c - a scroll of silence {!r}
 d - 2 scrolls of vulnerability {!r!r}
 i - 3 scrolls of teleportation {@r4}
 n - 2 scrolls of magic mapping {!r}
 p - a scroll of brand weapon
 s - 4 scrolls of enchant armour
 z - a scroll of blinking {!r}
 E - 3 scrolls of fear
 K - 2 scrolls of enchant weapon
 M - 2 scrolls of fog
 R - a scroll of summoning
Potions
 j - 7 potions of lignification {!q}
 m - 3 potions of flight
 D - 2 potions of brilliance {unknown}
 F - 4 potions of curing {@q1}
 H - a potion of might {unknown}
 I - 2 potions of attraction {unknown}
 J - a potion of berserk rage {unknown}
 O - a potion of ambrosia
 Q - a potion of heal wounds {unknown}
 V - a potion of degeneration {unknown}
 W - a potion of cancellation {unknown}
Miscellaneous
 X - a phial of floods
   (You found it on level 12 of the Dungeon)

Dungeon Overview and Level Annotations

Branches:
Dungeon (13/15)            Temple (0/1) D:6            Lair (0/6) D:11
    Orc (0/2) D:12          Sewer (visited)           IceCv (1/1)
 Vaults: D:13-14

Altars:
Fedhas
Qazlal
Xom
Zin
The Shining One
Beogh
Lugonu

Shops:
D:7 (

Portals:
Abyss: D:7

Annotations:
D:9 1 runed translucent door, ragingrage's ghost, journeyman OgFE

#: .$ ##### .###
####...### ...##
###....#...## ....#
##.....####..###pp.#
##.....#####.†##kh.#
....######...##.@###
÷..## #..⌠..###..##
÷### ##...#.#.##.##
########
######.###.≈#
.##....### #####≈≈#
#....#...### ≈#≈≈≈##
#######....###
≈≈≈### ####...###≈≈≈
##...##.#


You could see 2 ironbound frosthearts, a polar bear and a rime drake.


Message History

The polar bear growls angrily.
The death yak bellows!
The polar bear growls angrily.
The ironbound frostheart shouts!
The yak bellows!
The polar bear growls angrily.
The rime drake hisses angrily.
The ironbound frostheart calls freezing cold from the walls.
The frost grips you.
You are encased in ice.
The polar bear moves out of view. 😕 HP[-4]
You take 4 damage, and now have 82/86 hp.
A red film seems to cover your vision as you go berserk!
You feel yourself moving faster!
You feel mighty!
The yak snorts and paws the ground. 😕 HP[+42]
You now have 129 max hp (+43).
You regained 42 hp, and now have 124/129 hp.
You barely miss the death yak.
You touch the death yak.
You block the polar bear's attack.
The polar bear claws you but does no damage.
The polar bear barely misses you.
You punch the death yak!
You touch the death yak.
You hit the death yak.
The ironbound frostheart calls freezing cold from the walls.
The frost grips you.
The polar bear bites you but does no damage.
The polar bear barely misses you.
You block the polar bear's attack. 😕 HP[-4]
You take 4 damage, and now have 120/129 hp.
You punch the death yak!
You punch the death yak, but do no damage.
The death yak barely misses you. 😕 HP[+1]
You hit the death yak. You pummel the death yak!!
You touch the death yak.
The ironbound frostheart calls freezing cold from the walls.
The frost grips you but does no damage. The polar bear bites you.
The polar bear claws you but does no damage.
The polar bear closely misses you.
The death yak gores you but does no damage.
You pummel the death yak!!
You kill the death yak!
Trog accepts your kill.
The ice encasing you melts away. 😕 HP[-3]
You take 3 damage, and now have 118/129 hp.
You pummel the polar bear!!
You touch the polar bear.
The ironbound frostheart calls freezing cold from the walls.
The frost grips you!!
You are encased in ice.
The ironbound frostheart calls freezing cold from the walls.
The frost grips you!! The polar bear misses you.
The polar bear closely misses you.
You block the polar bear's attack. 😮 HP[-44]
You take 44 damage, and now have 74/129 hp.
MASSIVE DAMAGE!! (PAUSE)
You pummel the polar bear!!
You kill the polar bear!
Trog accepts your kill.
You swing at nothing.
The ironbound frostheart calls freezing cold from the walls.
The frost grips you!!!
* * * LOW HITPOINT WARNING * * *
The ironbound frostheart calls freezing cold from the walls.
The frost grips you!
* * * LOW HITPOINT WARNING * * *
😱 HP[-44]
You take 44 damage, and now have 30/129 hp.
MASSIVE DAMAGE!! (PAUSE)
You pummel the death yak!! 😱 HP[+1]
You pummel the death yak!! You punch the death yak.
The yak gores you but does no damage.
The death yak gores you but does no damage.
You barely miss the yak.
You touch the yak.
You punch the death yak!
You kill the death yak!
Trog accepts your kill. The yak misses you.
You barely miss the yak. Your punch misses the yak. You punch the yak!
The yak gores you but does no damage.
You hit the polar bear. The ice encasing you melts away.
The polar bear completely misses you. The polar bear closely misses you.
The polar bear barely misses you. 😱 HP[+1]
You pummel the polar bear!! The yak gores you.
* * * LOW HITPOINT WARNING * * *
😱 HP[-1]
You take 1 damage, and now have 31/129 hp.
You punch the polar bear!
You touch the polar bear.
You kill the polar bear!
Trog accepts your kill.
You pummel the yak!!
You kill the yak!
Trog accepts your kill.
You are no longer berserk.
You are exhausted.
You feel yourself slow down.
The ironbound frostheart calls freezing cold from the walls.
The frost grips you!!
You die...

Skill      XL: |  1  2  3  4  5  6  7  8  9 10 11 12 |
---------------+-------------------------------------+-----
Unarmed Combat | 3 4 5 6 7 9 10 11 12 14 15 | 15.9
Armour         | 4 7 9 11 13 | 13.3
Fighting       | |  3.0
Dodging        | |  1.7

Action                   |  1- 3 |  4- 6 |  7- 9 | 10-12 | 13-15 || total
-------------------------+-------+-------+-------+-------+-------++-------
Melee: Unarmed           |    93 |   125 |   226 |   567 |    19 ||  1030
       Punch             |     4 |     4 |    15 |    56 |     2 ||    81
       Touch             |    10 |    19 |    36 |    99 |     6 ||   170
Invok: Berserk           |     1 |     5 |     6 |    16 |     1 ||    29
       Brothers in Arms  |       |       |       |     2 |       ||     2
       Trog's Hand       |       |       |       |     1 |       ||     1
  Use: Scroll            |     1 |     3 |     7 |     7 |       ||    18
       Potion            |       |     2 |       |       |       ||     2
 Stab: Sleeping          |     1 |     1 |       |       |       ||     2
Armor: Animal skin       |    15 |    21 |     4 |       |       ||    40
       Skin              |       |     5 |       |       |       ||     5
       Crystal plate arm |       |       |    75 |   402 |     8 ||   485
Dodge: Dodged            |    55 |    78 |    72 |   280 |    10 ||   495
Block: Other             |       |    24 |    23 |    82 |     3 ||   132

Levels and vault maps discovered:
D:1:      lordsloth_arrival_two_stooges, layout_basic,
          hellmonk_ecumenical_altar_heavens_door, hex_tiny
D:2:      minmay_spotlight, layout_rooms, st_stairs_13
D:3:      layout_loops_corners, mainiacjoe_overflow_surrounded_room,
          mainiacjoe_overflow_cross_hatched, minmay_misc_feat_more_columns
D:4:      layout_basic
D:5:      layout_cave_pools, marbit_many_paths, uniq_crazy_yiuf_cottage,
          uniq_eustachio, uniq_blork_the_orc
D:6:      layout_layer_cave, overflow_temple_1_default, temple_statues,
          portal_sewer_entry_c
D:7:      layout_gridville, serial_shops, nicolae_shop_bloodbath_and_beyond,
          amcnicky_altar_lugonu_corruption
D:8:      layout_loops_cross, uniq_harold
D:9:      layout_cave_pods, ebering_ghost_xom, special_room [special_room_orc]
D:10:     layout_roguey, uniq_joseph, uniq_erolcha, uniq_maggie, uniq_maurice
D:11:     layout_long_grid, minmay_lair_entry_grove, minivault_24
D:12:     layout_irregular_city, david_orc_3, uniq_kirke
D:13:     layout_cave_pools, portal_ice_cave_entry_pillars_1
IceCv:    ice_cave_caverns_01

Notes
Turn   | Place    | Note
-------+----------+-------------------------------------------
     0 | D:1      | spaghetti the Demonspawn Berserker began the quest for the
                  | Orb.
     0 | D:1      | Reached XP level 1. HP: 18/18 MP: 1/1
     0 | D:1      | magus.rc [v1.9.6]
   258 | D:1      | Reached skill level 3 in Unarmed Combat
   438 | D:1      | Found a faded altar of an unknown god.
   511 | D:1      | Gained mutation: Your touch may inflict minor irresistible
                  | damage on your foes. [demonic ancestry]
   511 | D:1      | Reached XP level 2. HP: 21/24 MP: 2/2
  1189 | D:2      | Reached XP level 3. HP: 21/29 MP: 3/3
  1306 | D:2      | Reached skill level 4 in Unarmed Combat
  1527 | D:2      | Identified the +8 spear of Optimality {vorpal, *Rage rElec
                  | rPois}
  2038 | D:3      | You pick up a book of Chaos {forbidden} and begin
                  | reading...
  2038 | D:3      | You add the spells Conjure Ball Lightning, Disjunction and
                  | Discord to your library.
  2204 | D:3      | Reached XP level 4. HP: 34/35 MP: 4/4
  2212 | D:3      | You pick up a book of Dreams {forbidden} and begin
                  | reading...
  2212 | D:3      | You add the spells Ensorcelled Hibernation, Spider Form and
                  | Anguish to your library.
  2950 | D:4      | Reached ** piety under Trog
  3030 | D:4      | You add the spells Tukima's Dance, Passage of Golubria and
                  | Yara's Violent Unravelling to your library.
  3175 | D:4      | Reached skill level 5 in Unarmed Combat
  3531 | D:4      | Noticed a black bear
  3537 | D:4      | Gained mutation: Spells you cast may paralyse adjacent
                  | enemies. [demonic ancestry]
  3537 | D:4      | Reached XP level 5. HP: 41/41 MP: 5/5
  3542 | D:4      | Killed a black bear
  3543 | D:4      | Reached skill level 6 in Unarmed Combat
  3972 | D:4      | Gained mutation: A meltable shield of frost defends you.
                  | (SH +4) [demonic ancestry]
  3972 | D:4      | Reached XP level 6. HP: 39/47 MP: 6/6
  4179 | D:5      | Entered Level 5 of the Dungeon
  4193 | D:4      | HP: 15/70 [hound (4)]
  4206 | D:4      | HP: 7/70 [orc/+0 hand axe (2)]
  4607 | D:5      | Reached skill level 7 in Unarmed Combat
  4780 | D:5      | Noticed Eustachio
  4797 | D:5      | Killed Eustachio
  4798 | D:5      | Gained mutation: Spells you cast may paralyse nearby
                  | enemies. [demonic ancestry]
  4798 | D:5      | Reached XP level 7. HP: 29/52 MP: 7/7
  5010 | D:5      | Noticed Blork the orc
  5030 | D:5      | Killed Blork the orc
  5178 | D:5      | Reached skill level 8 in Unarmed Combat
  5595 | D:5      | You pick up a book of Weapons {forbidden} and begin
                  | reading...
  5595 | D:5      | You add the spells Portal Projectile, Excruciating Wounds
                  | and Blade Hands to your library.
  5937 | D:5      | Reached skill level 9 in Unarmed Combat
  5937 | D:5      | Reached XP level 8. HP: 24/58 MP: 8/8
  6273 | D:5      | Identified a scroll of acquirement
  6385 | D:5      | Acquired the +3 crystal plate armour of Xosix {Drain rF+
                  | rN+ Slay+5}
  6386 | D:5      | h - the +3 crystal plate armour of Xosix {Drain rF+ rN+
                  | Slay+5, rare=g}
  6387 | D:5      | Really wear h - the +3 crystal plate armour of Xosix {Drain
                  | rF+ rN+ Slay+5, rare=g}?
  6397 | D:5      | You finish putting on the +3 crystal plate armour of Xosix
                  | {Drain rF+ rN+ Slay+5, rare=g}.
  6398 | D:5      | Found a stormy altar of Qazlal.
  6532 | D:5      | Found a runed translucent door.
  6533 | D:5      | Noticed Crazy Yiuf
  6540 | D:5      | Killed Crazy Yiuf
  6628 | D:6      | Reached skill level 2 in Armour
  6678 | D:6      | Found a staircase to the Ecumenical Temple.
  6780 | D:6      | Reached skill level 3 in Armour
  7020 | D:6      | Reached skill level 10 in Unarmed Combat
  7128 | D:6      | Found a glowing drain.
  7145 | Sewer    | Entered a sewer
  7208 | Sewer    | Noticed Pargi
  7212 | Sewer    | Killed Pargi
  7213 | Sewer    | Reached skill level 4 in Armour
  7369 | D:6      | Found a blossoming altar of Fedhas.
  7835 | D:7      | Found Hotunyri's Weapon Shoppe.
  7845 | D:7      | Reached XP level 9. HP: 37/63 MP: 9/9
  8167 | D:7      | Reached skill level 5 in Armour
  8286 | D:7      | You pick up a book of Beasts {forbidden} and begin
                  | reading...
  8286 | D:7      | You add the spells Summon Ice Beast, Summon Mana Viper and
                  | Monstrous Menagerie to your library.
  8355 | D:7      | You pick up a book of Changes {forbidden} and begin
                  | reading...
  8355 | D:7      | You add the spells Beastly Appendage and Wereblood to your
                  | library.
  8572 | D:7      | Found a corrupted altar of Lugonu.
  8728 | D:7      | Found a one-way gate to the infinite horrors of the Abyss.
  9164 | D:8      | You pick up a book of Blasting {forbidden} and begin
                  | reading...
  9164 | D:8      | You add the spells Fulminant Prism, Iskenderun's Mystic
                  | Blast and Lee's Rapid Deconstruction to your library.
  9168 | D:8      | Noticed Harold
  9180 | D:8      | Killed Harold
  9181 | D:8      | Reached skill level 6 in Armour
  9181 | D:8      | Reached skill level 11 in Unarmed Combat
  9603 | D:8      | Reached *** piety under Trog
  9753 | D:8      | Reached skill level 7 in Armour
  9879 | D:9      | You pick up a book of Rime {forbidden} and begin reading...
  9879 | D:9      | You add the spells Frozen Ramparts and Ice Form to your
                  | library.
 10145 | D:9      | Reached XP level 10. HP: 66/70 MP: 10/10
 10668 | D:9      | Reached **** piety under Trog
 10811 | D:9      | Found a runed translucent door.
 10813 | D:9      | Found a shimmering altar of Xom.
 10813 | D:9      | Noticed a +0 dire flail of chaos
 10813 | D:9      | Noticed ragingrage's ghost (journeyman OgFE)
 11053 | D:10     | Entered Level 10 of the Dungeon
 11089 | D:10     | Reached skill level 12 in Unarmed Combat
 11202 | D:10     | Noticed Erolcha
 11211 | D:10     | Killed Erolcha
 11212 | D:10     | Reached skill level 8 in Armour
 11326 | D:10     | Noticed Maurice
 11339 | D:10     | Paralysed by something for 4 turns
 11352 | D:10     | Killed Maurice
 11585 | D:10     | Noticed a seven-headed hydra
 11593 | D:10     | Killed a seven-headed hydra
 11594 | D:10     | Reached skill level 9 in Armour
 11662 | D:10     | Noticed Joseph
 11677 | D:10     | Killed Joseph
 11783 | D:10     | Noticed Maggie
 11793 | D:10     | Killed Maggie
 11794 | D:10     | Gained mutation: Spells you cast and wands you use may
                  | paralyse nearby enemies. [demonic ancestry]
 11794 | D:10     | Reached XP level 11. HP: 75/75 MP: 11/11
 12165 | D:11     | Noticed a brown ugly thing
 12173 | D:11     | Killed a brown ugly thing
 12174 | D:11     | Reached skill level 13 in Unarmed Combat
 12267 | D:11     | Noticed a skeletal warrior
 12268 | D:11     | Noticed a skeletal warrior
 12270 | D:11     | Noticed a skeletal warrior
 12270 | D:11     | Noticed a skeletal warrior
 12428 | D:11     | Noticed an eight-headed hydra
 12435 | D:11     | Killed an eight-headed hydra
 12444 | D:11     | Reached skill level 10 in Armour
 12520 | D:11     | Identified the +5 scale mail of Huth {rElec rPois rCorr
                  | Int-5}
 12533 | D:12     | Found a staircase to the Orcish Mines.
 12843 | D:11     | Killed a skeletal warrior
 12867 | D:11     | Killed a skeletal warrior
 12869 | D:11     | Killed a skeletal warrior
 12876 | D:11     | Killed a skeletal warrior
 12982 | D:11     | Found a staircase to the Lair.
 13179 | D:11     | Reached skill level 14 in Unarmed Combat
 13233 | D:11     | Reached skill level 11 in Armour
 13735 | D:12     | Reached XP level 12. HP: 78/81 MP: 12/12
 13817 | D:12     | Noticed Kirke
 13833 | D:12     | Killed Kirke
 13856 | D:12     | HP: 16/81 [enormous slime creature (65)]
 14361 | D:12     | Noticed a death knight
 14374 | D:12     | Killed a death knight
 14375 | D:12     | Reached skill level 12 in Armour
 14979 | D:13     | Found a frozen archway.
 15023 | IceCv    | Entered an ice cave
 15044 | IceCv    | Reached skill level 15 in Unarmed Combat
 15189 | IceCv    | Noticed a death yak
 15197 | IceCv    | Killed a death yak
 15978 | IceCv    | Reached skill level 13 in Armour
 15990 | IceCv    | Reached ***** piety under Trog
 16205 | IceCv    | Noticed a death yak
 16206 | IceCv    | Noticed a death yak
 16212 | IceCv    | Killed a death yak
 16215 | IceCv    | Killed a death yak
 16216 | IceCv    | Reached XP level 13. HP: 85/86 MP: 13/13
 16248 | IceCv    | HP: 30/129 [ironbound frostheart/creeping frost (8)]
 16256 | IceCv    | HP: 31/129 [yak (1)]
 16258 | IceCv    | Killed from afar by an ironbound frostheart

Vanquished Creatures
  Kirke (D:12)
  2 hydras
  Harold (D:8)
  Erolcha (D:10)
  A death knight (D:12)
  5 death yaks (IceCv)
  4 skeletal warriors (D:11)
  2 manticores
  An ugly thing (D:11)
  Maurice (D:10)
  An ice statue (IceCv)
  Joseph (D:10)
  A rime drake (IceCv)
  A gargoyle (D:13)
  3 unseen horrors (D:12)
  Maggie (D:10)
  A polar bear (shapeshifter) (D:13)
  7 polar bears (IceCv)
  2 slime creatures (D:12)
  3 vampires
  Eustachio (D:5)
  2 hogs (D:12)
  3 wraiths
  2 shadows
  3 wyverns
  30 yaks
  2 basilisks (D:11)
  A steam dragon (D:10)
  2 vampire mosquitoes (D:10)
  6 water moccasins
  3 sky beasts
  Pargi (Sewer)
  2 ice beasts
  7 orc warriors
  4 black bears
  A necrophage (D:5)
  5 ogres
  14 wolves (IceCv)
  3 centaurs
  4 phantoms
  2 kobold brigands
  Blork the orc (D:5)
  A bullfrog (D:9)
  2 scorpions
  5 howler monkeys
  7 orc priests
  4 jellies
  Crazy Yiuf (D:5)
  5 hounds
  An iguana (D:4)
  9 orc wizards
  8 adders
  A river rat (D:6)
  A white imp (D:8)
  A worm (D:2)
  4 dart slugs
  50 orcs
  6 ball pythons
  3 endoplasms
  8 giant cockroaches
  4 goblins
  7 hobgoblins
  19 kobolds
  3 quokkas (D:4)
  4 bats
  2 frilled lizards (D:2)
  10 rats
  A lurking horror (D:7)
306 creatures vanquished.

Vanquished Creatures (collateral kills)
  A slime creature (D:12)
  A basilisk (D:11)
  A wolf (D:11)
3 creatures vanquished.

Vanquished Creatures (others)
  A human (D:12)
  A bush (D:11)
  3 fungi (D:11)
  30 plants (D:11)
35 creatures vanquished.

Grand Total: 344 creatures vanquished

Table legend:
 A = Non-vault XP
 B = Vault XP
 C = Vault XP percentage of total XP
 D = Non-vault monster count
 E = Vault monster count
 F = Vault count percentage of total count
                 A         B        C        D         E       F
            +---------+---------+-------+---------+---------+-------
      Total |   20387 |   20456 |  50.1 |     191 |     117 |  38.0
            +---------+---------+-------+---------+---------+-------
        D:1 |      33 |       0 |   0.0 |      18 |       0 |   0.0
        D:2 |      39 |      16 |  29.1 |      14 |       3 |  17.6
        D:3 |      31 |       0 |   0.0 |       9 |       0 |   0.0
        D:4 |     390 |       0 |   0.0 |      25 |       0 |   0.0
        D:5 |     764 |     394 |  34.0 |      10 |       4 |  28.6
        D:6 |     715 |      23 |   3.1 |      17 |       8 |  32.0
        D:7 |    1154 |       0 |   0.0 |      15 |       0 |   0.0
        D:8 |     773 |     871 |  53.0 |      17 |       1 |   5.6
        D:9 |     844 |     491 |  36.8 |      14 |      24 |  63.2
       D:10 |    2374 |    2190 |  48.0 |      11 |       4 |  26.7
       D:11 |    6635 |    1858 |  21.9 |      22 |      12 |  35.3
       D:12 |    5712 |    2150 |  27.3 |      16 |      10 |  38.5
       D:13 |     923 |       0 |   0.0 |       3 |       0 |   0.0
      Sewer |       0 |     141 | 100.0 |       0 |       5 | 100.0
      IceCv |       0 |   12322 | 100.0 |       0 |      46 | 100.0
            +---------+---------+-------+---------+---------+-------

Illustrated notes

Table legend:
 A = Kills in this place as a percentage of kills in entire the game.
 B = Kills by you in this place as a percentage of kills by you in the entire game.
 C = Kills by friends in this place as a percentage of kills by friends in the entire game.
 D = Other kills in this place as a percentage of other kills in the entire game.
 E = Experience gained in this place as a percentage of experience gained in the entire game.
 F = Experience gained in this place divided by the number of levels of this place that you have seen.
                   A       B       C       D       E      F
               +-------+-------+-------+-------+-------+----------------------
         Total | 100.0 | 100.0 | 100.0 |   N/A | 100.0 | 2722.9
       Dungeon |  83.4 |  83.3 | 100.0 |   N/A |  69.5 | 2183.1
         Sewer |   1.6 |   1.6 |   0.0 |   N/A |   0.3 | 141.0
      Ice Cave |  14.9 |  15.1 |   0.0 |   N/A |  30.2 | 12322.0
               +-------+-------+-------+-------+-------+----------------------

Table legend: (Time is in decaauts)
 A = Elapsed time spent in this place.
 B = Non-inter-level travel time spent in this place.
 C = Inter-level travel time spent in this place.
 D = Time resting spent in this place.
 E = Time spent auto-exploring this place.
 F = Levels seen in this place.
 G = Mean time per level.
                   A        B        C        D        E       F      G
               +--------+--------+--------+--------+--------+-----+--------+
         Total |  16298 |  15801 |    497 |   4924 |   8924 |  15 | 1086.5 |
       Dungeon |  14941 |  14444 |    497 |   4399 |   8318 |  13 | 1149.3 |
         Sewer |    154 |    154 |      0 |      0 |    100 |   1 |  154.0 |
      Ice Cave |   1202 |   1202 |      0 |    525 |    506 |   1 | 1202.0 |
               +--------+--------+--------+--------+--------+-----+--------+

Top non-repeatable levels by time:
     D:5: 2069 daAuts
     D:4: 1673 daAuts
    D:12: 1473 daAuts
   IceCv: 1202 daAuts
    D:10: 1191 daAuts
     D:1: 1182 daAuts
     D:9: 1155 daAuts
     D:7: 1111 daAuts
    D:11: 1100 daAuts
     D:6: 1049 daAuts
     D:3: 966 daAuts
     D:8: 948 daAuts
     D:2: 774 daAuts
    D:13: 244 daAuts
   Sewer: 154 daAuts
